 Dungeon Sprint DCSS version 0.30.0-29-ga12c61a403 (webtiles) character file.

Game seed: 4092628292889212193

900000 boopmooplesden the Chopper (level 1, -5/18 HPs)
             Began as a Minotaur Gladiator on June 20, 2023.
             Was a Follower of Makhleb.
             Slain by a meat berserker
             ... wielding a +9 battleaxe
              (23 damage)
             ... in the Dungeon (Sprint VIII: "Arena of Blood").
             The game lasted 00:00:18 (9 turns).

boopmooplesden the Chopper (Minotaur Gladiator)        Turns: 9, Time: 00:00:19

Health: -5/18      AC:  3    Str: 18    XL:     1   Next: 0%
Magic:  0/0        EV: 12    Int:  5    God:    Makhleb [*.....]
Gold:   0          SH:  0    Dex: 11    Spells: 0/0 levels left

rFire   . . .        l - +∞ Axe of Woe
rCold   . . .        (shield currently unavailable)
rNeg    . . .        b - +0 leather armour
rPois   .            c - +0 hat
rElec   .            (no cloak)
rCorr   .            (no gloves)
SInv    .            (no boots)
Will    .....        (no amulet)
Stlth   +            (no ring)
HPRegen 0.23/turn    (no ring)
MPRegen 0.07/turn

%: no teleportation
@: no status effects
A: horns 2, retaliatory headbutt
a: Renounce Religion


You were in the Dungeon.
You worshipped Makhleb.
Makhleb was aware of your devotion.
You visited 1 branch

Inventory:

Hand Weapons
 a - a +0 war axe
 l - the +∞ Axe of Woe (weapon)
   (You found it in the Dungeon)
Missiles
 d - 3 throwing nets (quivered)
 e - a javelin
Armour
 b - a +0 leather armour (worn)
 c - a +0 hat (worn)
Scrolls
 k - a scroll of blinking
Potions
 f - a potion of curing
 g - a potion of heal wounds
 h - a potion of haste
 i - 2 potions of magic
 j - a potion of berserk rage


   Skills:
 + Level 2.4 Fighting
 + Level 3.6 Axes
 + Level 2.0 Throwing
 + Level 3.2 Dodging


You couldn't memorise any spells.
You didn't know any spells.
Your spell library was empty.

Dungeon Overview and Level Annotations

Branches:
Dungeon (1/1)

Altars:
Makhleb


Innate Abilities, Weirdness & Mutations

You have a pair of horns on your head.
You reflexively headbutt those who attack you in melee.


Message History

Unknown command.
l - the +∞ Axe of Woe
l - the +∞ Axe of Woe (weapon)
You hear a shout! x3
A bag of meat comes into view. It is wielding a +9 war axe.
You hear a shout! x7
You hear a shout! x5
There is a burning altar of Makhleb here.
Unknown command.
Press < or > to pray at altars.
You kneel at the altar of Makhleb.
Makhleb welcomes you!
You hear a shout! x7
A bag of meat comes into view. It is wielding a +9 war axe.
The bag of meat shouts!
You hear a shout! x8
A bag of meat comes into view. It is wielding a +9 war axe.
The bag of meat shouts! x2; You hear a shout! x3
A bag of meat comes into view. It is wielding a +9 war axe. x2
You hear a shout! x4
Unknown command.
You hear a shout! x6
You hear a shout! x3
A meat berserker comes into view. It is wielding a +9 battleaxe.
You hear a shout! x2
You slice the bag of meat!!
You pulverise the bag of meat into a thin bloody mist.
You kill the bag of meat!
Makhleb accepts your kill.
You hit the bag of meat.
You fatally mangle the bag of meat.
You kill the bag of meat!
Makhleb accepts your kill.
You can now gain health from killing.
The meat berserker appears out of thin air!
A meat berserker comes into view. It is wielding a +9 battleaxe.
The meat berserker shouts!
You hear a shout! x7
A meat berserker comes into view. It is wielding a +9 battleaxe.
You hear a shout! x5
A bag of meat comes into view. It is wielding a +9 war axe. x2
The meat berserker hits you with a +9 battleaxe!!
Ouch! That really hurt!
You die...

..o.........
..........O
.O.........
..........
#.......# ..
#.......#
...###.)o....###.
......)@###......
#....oO.._......
......#.....#..
....o.#_.<._#
..... #.....#
#........_......
........###......
o..###... ..###.
. #... ..#


You could see 3 meat berserkers and 5 bags of meat.

Vanquished Creatures
  2 orcs (D)
2 creatures vanquished.

Notes
Turn   | Place    | Note
-------+----------+-------------------------------------------
     0 | D        | Found the +∞ Axe of Woe
     0 | D        | boopmooplesden the Minotaur Gladiator began the quest for
                  | the Orb.
     0 | D        | Reached XP level 1. HP: 18/18 MP: 0/0
     2 | D        | Noticed a bag of meat
     4 | D        | Became a worshipper of Makhleb the Destroyer
     5 | D        | Noticed a bag of meat
     6 | D        | Noticed a bag of meat
     6 | D        | Noticed a bag of meat
     6 | D        | Noticed a bag of meat
     8 | D        | Noticed a meat berserker
     9 | D        | Killed a bag of meat
     9 | D        | Killed a bag of meat
     9 | D        | Reached * piety under Makhleb
     9 | D        | Noticed a meat berserker
     9 | D        | Noticed a meat berserker
     9 | D        | Noticed a bag of meat
     9 | D        | Noticed a bag of meat
     9 | D        | Slain by a meat berserker

Illustrated notes

Levels and vault maps discovered:
D:        meatsprint

Action                     || total
---------------------------++-------
  Melee: Executioner's axe ||     1
